 Dungeon Crawl Stone Soup version 0.27-a0-607-g1ad3dbde53 (webtiles) character file.

Game seed: 7038007517579915762

63481 ReteAZ the Geomancer (level 14, -2/140 HPs)
             Began as a Demigod Earth Elementalist on Mar 13, 2021.
             Slain by Jorgrun
             ... wielding a +0 vorpal quarterstaff
              (16 damage)
             ... on level 2 of the Orcish Mines.
             The game lasted 00:43:00 (20960 turns).

ReteAZ the Geomancer (Demigod Earth Elementalist)  Turns: 20960, Time: 00:43:00

Health: -2/140     AC: 32    Str: 18    XL:     14   Next: 30%
Magic:  20/30      EV: 11    Int: 34    God:
Gold:   2050       SH:  0    Dex: 15    Spells: 11/29 levels left

rFire    . . .     SeeInvis .   q - +7 quarterstaff of the Manifold Friends {holy, rC+ Will++}
rCold    + . .     Faith    .   (shield currently unavailable)
rNeg     + + .     Spirit   .   (armour currently unavailable)
rPois    ∞         Reflect  .   N - +2 hat {Will+}
rElec    +         Harm     .   G - +2 ratskin cloak {*Rats rPois rN+ Str-1 Int-1 Dex+1}
rCorr    .         Rampage  .   (gloves currently unavailable)
Will     ++++.                  (boots currently unavailable)
Stlth    ++........             y - amulet of regeneration
HPRegen  1.33/turn              K - +6 ring of strength
MPRegen  0.22/turn              Z - +6 ring of intelligence

@: statue-form, grasped by roots, frozen ramparts, constricted, very slow
A: frail 1, high mp 1, forlorn
a: End Transformation


You were on level 2 of the Orcish Mines.
You were a stone statue.
You visited 4 branches of the dungeon, and saw 20 of its levels.

You collected 2120 gold pieces.
You spent 70 gold pieces at shops.

Inventory:

Hand Weapons
 q - the +7 quarterstaff of the Manifold Friends (weapon) {holy, rC+ Will++}
   (You found it on level 4 of the Dungeon)

   It has been blessed by the Shining One to cause great damage to the undead
   and demons.
   It protects you from cold.
   It affects your willpower, your defense against some magical effects.
 C - a +0 long sword of flaming
 V - a +3 vorpal broad axe
Missiles
 b - 240 stones
 U - 2 throwing nets
Armour
 a - a +0 pair of gloves (melded)
 D - +1 steam dragon scales (melded)
 G - the +2 ratskin cloak (worn) {*Rats rPois rN+ Str-1 Int-1 Dex+1}
   (You found it on level 7 of the Dungeon)

   It affects your strength (-1).
   It affects your intelligence (-1).
   It affects your dexterity (+1).
   It protects you from poison.
   It protects you from negative energy.
 J - a +0 pair of boots (melded)
 N - a +2 hat of willpower (worn)
Magical Staves
 Q - a staff of air
 X - a staff of earth
Jewellery
 s - a ring of ice
 y - an amulet of regeneration (around neck)
 K - a +6 ring of strength (right fist)
 W - a ring of fire
 Z - a +6 ring of intelligence (left fist)
Wands
 m - a wand of charming (6)
 t - a wand of iceblast (8)
 F - a wand of polymorph (15)
 H - a wand of acid (11)
 I - a wand of flame (50)
 M - a wand of mindburst (11)
Scrolls
 d - 3 scrolls of amnesia {unknown}
 g - 5 scrolls of random uselessness {unknown}
 h - a scroll of blinking {unknown}
 i - 5 scrolls of enchant weapon {unknown}
 j - 4 scrolls of teleportation
 o - 17 scrolls of identify
 v - a scroll of torment {unknown}
 x - a scroll of magic mapping {unknown}
 A - a scroll of fog {unknown}
 B - 2 scrolls of noise {unknown}
 E - 3 scrolls of enchant armour {unknown}
 O - a scroll of holy word {unknown}
 P - a scroll of vulnerability {unknown}
 R - a scroll of fear {unknown}
 T - a scroll of brand weapon {unknown}
Potions
 c - 2 potions of mutation {unknown}
 e - 5 potions of curing
 f - 6 potions of might
 k - 6 potions of heal wounds {unknown}
 l - 4 potions of haste {unknown}
 n - 6 potions of brilliance {unknown}
 p - 2 potions of invisibility {unknown}
 r - 3 potions of cancellation {unknown}
 u - a potion of degeneration {unknown}
 w - 6 potions of lignification {unknown}
 z - a potion of magic {unknown}
 L - 6 potions of flight {unknown}
 S - 2 potions of ambrosia {unknown}
 Y - a potion of resistance {unknown}


   Skills:
 - Level 10.0 Fighting
 + Level 12.3 Staves
 - Level 6.0 Dodging
 - Level 1.7 Stealth
 - Level 8.0 Spellcasting
 - Level 4.0 Conjurations
 + Level 3.4 Transmutations
 - Level 6.0 Ice Magic
 - Level 13.0 Earth Magic


You had 11 spell levels left.
You knew the following spells:

 Your Spells              Type           Power      Damage    Failure   Level
a - Sandblast             Erth           100%       2d20      0%          1
b - Stone Arrow           Conj/Erth      100%       3d13      1%          3
c - Lee's Rapid Deconstr  Erth           40%        3d21*     1%          5
d - Frozen Ramparts       Ice            100%       1d12      1%          3
e - Statue Form           Tmut/Erth      41%        N/A       17%         6

Your spell library contained the following spells:

 Spells                   Type           Power      Damage    Failure   Level
 Freeze                   Ice            100%       1d11      1%          1
 Shock                    Conj/Air       100%       1d9       1%          1
 Passwall                 Tmut/Erth      51%        N/A       1%          2
 Ozocubu's Armour         Ice            53%        N/A       1%          3
 Petrify                  Tmut/Erth      62%        N/A       1%          4
 Swiftness                Air            13%        N/A       4%          2
 Static Discharge         Conj/Air       27%        N/A       4%          3
 Hailstorm                Conj/Ice       47%        3d11      4%          4
 Summon Ice Beast         Ice/Summ       34%        N/A       10%         4
 Irradiate                Conj/Tmut      19%        3d19      21%         5
 Airstrike                Air            6%         N/A       32%         4
 Lightning Bolt           Conj/Air       13%        1d27      36%         5
 Hydra Form               Tmut           18%        N/A       77%         6
 Dragon Form              Tmut           18%        N/A       100%        7


Dungeon Overview and Level Annotations

Branches:
Dungeon (11/15)            Temple (1/1) D:5            Lair (6/6) D:8
  Swamp (0/4) Lair:3        Snake (0/4) Lair:3        Slime (0/5) Lair:5
    Orc (2/2) D:10
    Elf: Orc:2

Shops:
D:10 ?

Portals:
Abyss: Orc:2

Annotations:
D:3 2 runed translucent doors, ezr3dux's ghost, weakling HuFi
D:5 exclusion: oklob plant
Lair:5 1 runed translucent door
Orc:2 1 transporter, Jorgrun; Morbidden's ghost, adept DsFi; Sonja


Innate Abilities, Weirdness & Mutations

Your attributes grow dramatically as you level up.
You have an increased reservoir of magic. (+10% MP)
You shall have no god before yourself.
You are frail. (-10% HP)


Message History

Casting: Frozen Ramparts (safe; 1% risk of failure)
Confirm with . or Enter, or press ? or * to list all spells.
Aiming: Sandblast (safe; 0% risk of failure)
Press: ? - help, Shift-Dir - straight line, f - Jorgrun
Aim: Jorgrun, wielding a +0 vorpal quarterstaff and wearing a +0 robe (moderately wounded, ally target, 27% to evade)
The blast of sand hits Jorgrun!!
Jorgrun is moderately wounded.
The wall freezes the orc warrior!
The orc warrior hits you but does no damage.
The wall freezes Jorgrun!
Jorgrun hits you with a +0 vorpal quarterstaff!
The grasping roots constrict you!
The wall freezes the orc warrior.
You kill the orc warrior!
Casting: Sandblast (safe; 0% risk of failure)
Confirm with . or Enter, or press ? or * to list all spells.
Aiming: Sandblast (safe; 0% risk of failure)
Press: ? - help, Shift-Dir - straight line, f/p - Jorgrun
Aim: Jorgrun, wielding a +0 vorpal quarterstaff and wearing a +0 robe (heavily wounded, ally target, 27% to evade)
The blast of sand hits Jorgrun!
Jorgrun is heavily wounded.
The wall freezes the orc warrior!
The wall freezes Jorgrun!
Jorgrun barely misses you. The grasping roots constrict you!
Casting: Sandblast (safe; 0% risk of failure)
Confirm with . or Enter, or press ? or * to list all spells.
Aiming: Sandblast (safe; 0% risk of failure)
Press: ? - help, Shift-Dir - straight line, f/p - Jorgrun
Aim: Jorgrun, wielding a +0 vorpal quarterstaff and wearing a +0 robe (severely wounded, ally target, 27% to evade)
The blast of sand hits Jorgrun!
Jorgrun is severely wounded.
The wall freezes Jorgrun!
Jorgrun casts a spell at you. The iron shot hits you!!
* * * LOW HITPOINT WARNING * * *
x2 The grasping roots constrict you!
The wall freezes Sonja!
The wall freezes the orc warrior!
You kill the orc warrior!
The wall freezes Jorgrun!
Jorgrun hits you with a +0 vorpal quarterstaff.
* * * LOW HITPOINT WARNING * * *
x2 You die...

#.#.......##.###
...............##
................######
.............#.###...##
......)........##.....##
......#.........##.....### ....
.....##.#.#.....#.)).....###....
....##.....##....#)#......#.....
...####.#.##...r8##)#.#....#....
..## #.#####.###gK<.#.#........
### ... ### #).............. #
##.# ## ##.......[)..... ###
##.##................
#...#................
#...................
#.....<.....o.......
##.........#...#....


You could see Jorgrun (ally target), Sonja and a friendly river rat.

Vanquished Creatures
  Gastronok (D:9)
  An orc warlord (D:10)
  Nessos (Lair:5)
  A boulder beetle (Lair:3)
  5 hydras
  A catoblepas (Lair:6)
  2 two-headed ogres
  A queen ant (Lair:3)
  An orc high priest (Orc:1)
  11 death yaks
  Urug (Orc:1)
  Pikel (D:9)
  A deep elf pyromancer (D:9)
  2 ugly things
  2 cyclopes (D:11)
  5 elephants
  6 black mambas
  A torpor snail (Lair:3)
  9 cane toads
  2 gargoyles
  Maggie (D:6)
  2 rime drakes
  10 komodo dragons
  4 trolls
  12 polar bears
  A hornet (Lair:3)
  5 dream sheep
  5 blink frogs
  Sigmund (D:2)
  A shadow (D:11)
  45 yaks
  Grum (D:9)
  2 basilisks
  A steam dragon (Lair:2)
  7 wargs
  An acid dragon (D:9)
  2 nagas (Lair:3)
  20 soldier ants (Lair:3)
  18 water moccasins
  A swamp drake (Lair:3)
  An ice beast (D:7)
  15 hell hounds (Lair:6)
  16 orc warriors
  13 black bears
  A necrophage (D:8)
  3 sky beasts
  9 ogres
  32 wolves
  9 centaurs
  A lemure (D:9)
  3 kobold brigands
  10 bullfrogs
  3 scorpions
  5 killer bees (D:11)
  18 wights
  2 electric eels (Lair:4)
  4 crimson imps (D:3)
  4 centaur zombies
  2 quasits
  4 hounds
  14 orc priests
  2 centaur skeletons
  3 bullfrog skeletons
  6 iguanas
  24 worker ants
  16 orc wizards
  12 hell rats
  4 hound skeletons
  14 adders
  6 gnolls
  6 river rats (D:7)
  6 shadow imps
  5 white imps
  4 ufetubi
  An ooze (D:2)
  2 adder skeletons
  3 worms
  2 dart slugs
  2 leopard geckos
  43 orcs
  3 ball pythons
  6 bats
  7 giant cockroaches
  4 goblins
  10 hobgoblins
  5 jackals
  17 kobolds
  8 quokkas
  2 frilled lizards (D:1)
  A jackal zombie (D:8)
  A quokka skeleton (D:9)
  A quokka zombie (D:5)
  22 rats
612 creatures vanquished.

Vanquished Creatures (collateral kills)
  A torpor snail (Lair:6)
  A hornet (D:9)
  A yak (D:9)
  An orc warrior (D:7)
  A black bear (Lair:6)
  A wolf (D:9)
  A bullfrog (D:10)
  A wight (D:8)
  A worker ant (Lair:3)
  A shadow imp (D:7)
  A leopard gecko (D:9)
11 creatures vanquished.

Vanquished Creatures (others)
  A wizard (D:3)
  A wolf (D:9)
  An orc (Orc:1)
  33 fungi
  62 plants
98 creatures vanquished.

Grand Total: 721 creatures vanquished

Notes
Turn   | Place    | Note
-------+----------+-------------------------------------------
     0 | D:1      | ReteAZ the Demigod Earth Elementalist began the quest for
                  | the Orb.
     0 | D:1      | Reached XP level 1. HP: 14/14 MP: 5/5
     1 | D:1      | Noticed an electric eel
    39 | D:1      | Reached skill level 1 in Transmutations
   152 | D:1      | Reached skill level 3 in Earth Magic
   365 | D:1      | Reached XP level 2. HP: 16/20 MP: 7/7
   979 | D:2      | Reached XP level 3. HP: 21/26 MP: 5/9
  1534 | D:2      | Reached skill level 4 in Earth Magic
  1628 | D:2      | Reached XP level 4. HP: 33/33 MP: 6/10
  1708 | D:2      | Noticed Sigmund
  1719 | D:2      | Killed Sigmund
  1720 | D:2      | Reached skill level 5 in Earth Magic
  1720 | D:2      | Reached XP level 5. HP: 20/38 MP: 7/12
  1725 | D:2      | Learned a level 3 spell: Stone Arrow
  2375 | D:3      | Found a large runed translucent door.
  2375 | D:3      | Found a large runed translucent door.
  2376 | D:3      | Noticed ezr3dux's ghost (weakling HuFi)
  2478 | D:3      | Reached XP level 6. HP: 21/45 MP: 9/14
  2764 | D:3      | Reached skill level 1 in Conjurations
  2919 | D:3      | Noticed a wizard
  2924 | D:3      | Killed a wizard
  3265 | D:4      | Identified the +7 quarterstaff of the Manifold Friends
                  | {holy, rC+ Will++}
  3507 | D:4      | Reached skill level 6 in Earth Magic
  3869 | D:4      | Reached XP level 7. HP: 41/50 MP: 11/16
  3980 | D:4      | Identified the +0 robe "Zauded" {Str+3}
  4149 | D:5      | Entered Level 5 of the Dungeon
  4238 | D:5      | Found a staircase to the Ecumenical Temple.
  4289 | Temple   | Entered the Ecumenical Temple
  4632 | D:5      | Noticed an oklob plant
  5555 | D:6      | Reached skill level 7 in Earth Magic
  5621 | D:6      | Noticed Maggie
  5628 | D:6      | Killed Maggie
  5629 | D:6      | Reached XP level 8. HP: 57/57 MP: 10/18
  6115 | D:7      | Reached skill level 5 in Spellcasting
  6270 | D:7      | Reached skill level 8 in Earth Magic
  6274 | D:7      | Found the +2 ratskin cloak {*Rats rPois rN+ Str-1 Int-1
                  | Dex+1}
  6742 | D:8      | Noticed a seven-headed hydra
  6752 | D:8      | Killed a seven-headed hydra
  6753 | D:8      | Reached skill level 9 in Earth Magic
  6753 | D:8      | Reached XP level 9. HP: 62/62 MP: 11/21
  7151 | D:8      | Reached skill level 10 in Earth Magic
  7206 | D:8      | Noticed a komodo dragon
  7222 | D:8      | Killed a komodo dragon
  7321 | D:8      | Found a staircase to the Lair.
  7385 | D:8      | Noticed a two-headed ogre
  7408 | D:8      | Killed a two-headed ogre
  7733 | D:9      | Reached XP level 10. HP: 74/74 MP: 22/25
  7786 | D:9      | Noticed Gastronok
  7799 | D:9      | Killed Gastronok
  7800 | D:9      | Reached skill level 5 in Fighting
  8171 | D:9      | Noticed a white ugly thing
  8178 | D:9      | Killed a white ugly thing
  8686 | D:9      | Noticed Grum
  8689 | D:9      | Noticed Pikel
  8816 | D:9      | Killed Pikel
  8817 | D:9      | Reached skill level 5 in Dodging
  8951 | D:9      | Reached XP level 11. HP: 67/92 MP: 20/27
  9075 | D:9      | Killed Grum
  9173 | D:9      | Noticed a deep elf pyromancer
  9176 | D:9      | Killed a deep elf pyromancer
  9310 | D:10     | Entered Level 10 of the Dungeon
  9434 | D:10     | Found Lickumum's Magic Scroll Shop.
  9480 | D:10     | Bought a scroll of teleportation for 42 gold pieces
  9480 | D:10     | Bought a scroll of identify for 28 gold pieces
  9843 | D:10     | Found a staircase to the Orcish Mines.
  9887 | D:10     | Reached skill level 1 in Staves
 11403 | Lair:1   | Entered Level 1 of the Lair of Beasts
 11744 | Lair:1   | Reached skill level 11 in Earth Magic
 12336 | Lair:2   | Noticed an eight-headed hydra
 12343 | Lair:2   | Killed an eight-headed hydra
 12344 | Lair:2   | Reached skill level 10 in Fighting
 12344 | Lair:2   | Reached XP level 12. HP: 73/106 MP: 23/28
 12434 | Lair:2   | You fall into a shaft and drop 1 floor!
 12799 | Lair:3   | Found a staircase to the Snake Pit.
 12932 | Lair:3   | Reached skill level 5 in Staves
 13115 | Lair:3   | Noticed a boulder beetle
 13133 | Lair:3   | Killed a boulder beetle
 13311 | Lair:2   | Reached skill level 12 in Earth Magic
 14522 | Lair:3   | Found a staircase to the Swamp.
 14913 | Lair:3   | Learned a level 5 spell: Lee's Rapid Deconstruction
 15308 | Lair:4   | Identified the +6 plate armour of Optimism {rN+}
 15334 | Lair:4   | Noticed a seven-headed hydra
 15344 | Lair:4   | Killed a seven-headed hydra
 15618 | Lair:3   | Reached XP level 13. HP: 110/113 MP: 9/29
 16429 | Lair:4   | Reached skill level 13 in Earth Magic
 16583 | Lair:5   | Found a runed translucent door.
 16583 | Lair:5   | Found a staircase to the Slime Pits.
 16741 | Lair:5   | You fall into a shaft and drop 1 floor!
 16741 | Lair:6   | Entered Level 6 of the Lair of Beasts
 17301 | Lair:5   | Noticed Nessos
 17309 | Lair:5   | Killed Nessos
 17310 | Lair:5   | Reached skill level 10 in Staves
 17768 | Lair:6   | Learned a level 3 spell: Frozen Ramparts
 17836 | Lair:6   | Reached skill level 1 in Ice Magic
 18973 | Lair:6   | Reached skill level 5 in Ice Magic
 19126 | Lair:6   | Reached XP level 14. HP: 108/121 MP: 24/30
 19816 | D:9      | Learned a level 6 spell: Statue Form
 19854 | Orc:1    | Entered Level 1 of the Orcish Mines
 19854 | Orc:1    | Noticed an orc warlord
 19873 | D:10     | Killed an orc warlord
 20207 | Orc:1    | You fall into a shaft and drop 1 floor!
 20207 | Orc:2    | Entered Level 2 of the Orcish Mines
 20338 | Orc:1    | Gained mutation: You are frail. (-10% HP) [a neqoxec]
 20446 | Orc:1    | Noticed Urug
 20454 | Orc:1    | Killed Urug
 20701 | Orc:2    | Noticed Sonja
 20793 | Orc:2    | Noticed an orc warlord
 20887 | Orc:2    | Found a transporter.
 20902 | Orc:2    | Found a one-way gate to the infinite horrors of the Abyss.
 20902 | Orc:2    | Noticed Morbidden's ghost (adept DsFi)
 20902 | Orc:2    | Identified the +9 lajatang "Butycar" {distort, rC+++ Int+2
                  | Dex-5 Stlth+}
 20902 | Orc:2    | Noticed an orc warlord
 20943 | Orc:2    | Noticed Jorgrun
 20960 | Orc:2    | Slain by Jorgrun

Illustrated notes

Levels and vault maps discovered:
D:1:      arrival_aquarium_a, layout_basic
D:2:      layout_loops_cross, serial_bayou, serial_bayou_pond_e,
          serial_bayou_shore_a, serial_bayou_pond_e, serial_bayou_shore_b,
          minmay_vboxes, uniq_sigmund
D:3:      layout_rooms, led_xom_imps, ebering_ghost_disaster_area,
          grunt_ministairs_13, trog_wizard
D:4:      minmay_razor_zed, layout_loops_ring
D:5:      layout_rooms, slow_altar_1, minmay_temple_entry_statues_fountains,
          minivault_25, grunt_ministairs_3, hex_medium, tgw_fedhas
D:6:      layout_loops_ring, uniq_maggie
D:7:      wander_guarded_unrand_ratskin, layout_rooms,
          gammafunk_temple_overflow_forgotten, st_stairs_12,
          hangedman_decor_lopped, chequers_decorated_corner
D:8:      layout_basic, grunt_lair_entry_orc_guard_hut,
          makhleb_blood_cavern_becter
D:9:      kennysheep_blocky_room, layout_layer_cave, minitemple,
          nemelex_xobeh_ov_fountains_minmay, david_defended_altar_elf,
          uniq_gastronok, uniq_pikel, uniq_grum
D:10:     layout_basic, orc_0_dummy, serial_shops, shop
D:11:     layout_basic
Temple:   jpeg_temple_island
Lair:1:   layout_long_grid
Lair:2:   layout_roguey, grunt_megastairs_4
Lair:3:   layout_cave_pods, minmay_swamp_entry_reptiles,
          guppyfry_snake_entry_island, minivault_29
Lair:4:   layout_gridlike, st_stairs_6, serial_bayou_shore_b,
          infiniplex_staircase_pool_2, grunt_megastairs_5
Lair:5:   layout_cave_shapes, slime_altar_2, uniq_nessos
Lair:6:   hangedman_lair_caniforms_friends, layout_regular_city, wormcave,
          lemuel_centaur_altar
Orc:1:    layout_diamond_mine, uniq_urug
Orc:2:    st_orc_pillars, layout_caves, gammafunk_ghost_abyssal_escape,
          uniq_jorgrun, uniq_sonja

Skill      XL: |  1  2  3  4  5  6  7  8  9 10 11 12 13 14 |
---------------+-------------------------------------------+-----
Transmutations | 1 3 |  3.4
Earth Magic    | 3 4 5 6 7 9 10 11 12 13 | 13.0
Spellcasting   | 2 3 4 6 7 8 |  8.0
Conjurations   | 2 3 4 |  4.0
Fighting       | 2 7 10 | 10.0
Dodging        | 2 5 6 |  6.0
Staves         | 3 7 11 12 | 12.3
Ice Magic      | 5 6 |  6.0
Stealth        | |  1.7

Action                   |  1- 3 |  4- 6 |  7- 9 | 10-12 | 13-15 || total
-------------------------+-------+-------+-------+-------+-------++-------
Melee: Short sword       |    46 |       |       |       |       ||    46
       Scimitar          |    21 |    47 |       |       |       ||    68
       Quarterstaff      |       |    18 |   221 |   309 |   357 ||   905
 Cast: Sandblast         |    14 |    32 |    67 |   280 |   103 ||   496
       Stone Arrow       |       |       |     6 |    84 |    19 ||   109
       Lee's Rapid Decon |       |       |       |     9 |    62 ||    71
       Frozen Ramparts   |       |       |       |       |    24 ||    24
       Statue Form       |       |       |       |       |     2 ||     2
Evoke: Wand              |       |       |       |     2 |       ||     2
  Use: Scroll            |       |       |       |       |     3 ||     3
       Potion            |       |       |       |       |     2 ||     2
 Stab: Sleeping          |     5 |     3 |     7 |     2 |       ||    17
       Distracted        |       |     1 |       |       |       ||     1
       Petrified         |       |       |       |       |     3 ||     3
Armor: Robe              |    19 |    11 |     5 |       |       ||    35
       Steam dragon scal |       |       |   106 |   209 |   152 ||   467
       Skin              |       |       |       |       |     5 ||     5
Dodge: Dodged            |    57 |    64 |   181 |   406 |   340 ||  1048
       Rpst.: Scimitar   |     5 |    12 |       |       |       ||    17

Table legend: (Time is in decaauts)
 A = Elapsed time spent in this place.
 B = Non-inter-level travel time spent in this place.
 C = Inter-level travel time spent in this place.
 D = Time resting spent in this place.
 E = Time spent auto-exploring this place.
 F = Levels seen in this place.
 G = Mean time per level.
                   A        B        C        D        E       F      G
               +--------+--------+--------+--------+--------+-----+--------+
         Total |  21110 |  20315 |    795 |   1236 |  15038 |  20 | 1055.5 |
       Dungeon |  11681 |  11259 |    422 |    219 |   8919 |  11 | 1061.9 |
        Temple |     92 |     58 |     34 |      0 |     30 |   1 |   92.0 |
          Lair |   8355 |   8056 |    299 |    980 |   5532 |   6 | 1392.5 |
  Orcish Mines |    981 |    942 |     39 |     37 |    557 |   2 |  490.5 |
               +--------+--------+--------+--------+--------+-----+--------+

Top non-repeatable levels by time:
  Lair:6: 2143 daAuts
  Lair:3: 2137 daAuts
  Lair:4: 1717 daAuts
     D:9: 1696 daAuts
     D:2: 1341 daAuts
    D:11: 1221 daAuts
     D:8: 1066 daAuts
    D:10: 1018 daAuts
  Lair:2: 1001 daAuts
     D:4: 997 daAuts
     D:1: 941 daAuts
     D:3: 922 daAuts
     D:6: 866 daAuts
     D:5: 849 daAuts
  Lair:1: 770 daAuts
